 Dungeon Crawl Stone Soup version 0.29.1-1-gd02db6906a (webtiles) character file.

Game seed: 7067187207649984835

284 keekatzer the Ruffian (level 6, 0/61 HPs)
             Began as a Troll Transmuter on Sept 24, 2022.
             Slain by a gnoll
             ... wielding a +0 spear
             ... led by a gnoll bouda
              (2 damage)
             ... on level 3 of the Dungeon.
             The game lasted 00:09:42 (1366 turns).

keekatzer the Ruffian (Troll Transmuter)            Turns: 1366, Time: 00:09:43

Health: 0/61       AC:  5    Str: 25    XL:     6   Next: 7%
Magic:  6/8        EV: 10    Int: 15    God:
Gold:   253        SH:  0    Dex: 12    Spells: 2/9 levels left

rFire   . . .      SeeInvis .     - Unarmed
rCold   . . .      Faith    .   (no shield)
rNeg    . . .      Spirit   .   r - +1 robe {Will+}
rPois   .          Reflect  .   (helmet restricted)
rElec   .          Harm     .   (no cloak)
rCorr   .          Rampage  .   (gloves unavailable)
Will    +....                   (boots unavailable)
Stlth   +.........              (no amulet)
HPRegen 1.00/turn               f - +6 ring of strength
MPRegen 0.11/turn               t - +6 ring of intelligence

@: weakened, wereblooded
A: large, unfitting armour, claws 3, regeneration 1, shaggy fur 1, tough skin 1
a: no special abilities


You were on level 3 of the Dungeon.
You visited 1 branch of the dungeon, and saw 3 of its levels.

You collected 253 gold pieces.

Inventory:

Hand Weapons
 p - a +0 great mace
Armour
 o - an orb of guile
 r - a +1 robe of willpower (worn)
Jewellery
 e - a ring of ice
 f - a +6 ring of strength (left claw)
 i - a ring of protection from cold
 t - a +6 ring of intelligence (right claw)
Wands
 s - a wand of paralysis (9)
Scrolls
 a - a scroll of noise {unknown}
 c - 3 scrolls of identify {unknown}
 d - 2 scrolls of blinking {unknown}
 l - a scroll of torment {unknown}
 m - a scroll of teleportation {unknown}
 n - a scroll of butterflies {unknown}
Potions
 b - a potion of lignification
 g - a potion of berserk rage {unknown}
 h - a potion of heal wounds {unknown}
 j - 3 potions of attraction {unknown}
 k - 3 potions of curing {unknown}
 q - a potion of haste {unknown}
 u - a potion of mutation {unknown}


   Skills:
 - Level 3.0 Fighting
 - Level 1.5 Dodging
 - Level 3.0 Unarmed Combat
 + Level 2.1 Spellcasting
 + Level 2.5 Transmutations
 + Level 1.8 Ice Magic


You had 2 spell levels left.
You knew the following spells:

 Your Spells              Type           Power      Damage    Failure   Level
a - Beastly Appendage     Tmut           18%        N/A       8%          1
b - Wereblood             Tmut           9%         N/A       12%         2
c - Ice Form              Ice/Tmut       8%         N/A       65%         4

Your spell library contained the following spells:

 Spells                   Type           Power      Damage    Failure   Level
 Spider Form              Tmut/Pois      5%         N/A       36%         3
 Ignite Poison            Fire/Tmut/Pois 4%         N/A       43%         3
 Conjure Flame            Conj/Fire      1%         6-21      54%         3
 Sticky Flame             Conj/Fire      1%         2d3       91%         4


Dungeon Overview and Level Annotations

Branches:
Dungeon (3/15)

Altars:
Qazlal

Shops:
D:1 ?


Innate Abilities, Weirdness & Mutations

You are too large for most types of armour.
You have claws for hands.
Your natural rate of healing is unusually fast.
You are covered in fur. (AC +1)
You have tough skin. (AC +1)


Message History

The gnoll bouda is moderately wounded.
The orc wizard hits the plant with a +1 dagger of venom.
The plant begins to die.
The gnoll bouda gazes fiercely through you!
You feel your attacks grow feeble.
The gnoll bouda hits you but does no damage.
The gnoll hits you but does no damage.
You barely miss the gnoll bouda.
The gnoll bouda is moderately wounded.
The gnoll hits you from afar with a +0 spear.
The orc closely misses you. The gnoll bouda barely misses you.
The gnoll closely misses you.
You claw the gnoll bouda!
The gnoll bouda is severely wounded.
You howl as the wereblood boils in your veins!
The gnoll barely misses you. The gnoll hits you but does no damage.
The gnoll bouda gazes fiercely through you!
You feel as though you will be weak longer.
The gnoll bouda barely misses you. The orc hits you with a +0 war axe.
* * * LOW HITPOINT WARNING * * *
The gnoll hits you from afar with a +0 spear!
* * * LOW HITPOINT WARNING * * *
You completely miss the gnoll bouda.
The gnoll bouda is severely wounded.
You howl as the wereblood boils in your veins!
The gnoll hits you from afar with a +0 spear.
* * * LOW HITPOINT WARNING * * *
The gnoll hits you with a +0 spear.
* * * LOW HITPOINT WARNING * * *
The orc closely misses you.
The gnoll bouda hits you with a +0 club.
* * * LOW HITPOINT WARNING * * *
The gnoll barely misses you.
You scratch the gnoll bouda.
You feel a bit better.
You kill the gnoll bouda!
A nearby plant withers and dies.
The gnoll hits you from afar with a +0 spear.
* * * LOW HITPOINT WARNING * * *
The gnoll hits you with a +0 spear.
You die...

PP...o........
P.....P..>.... P...P...
.... ...... .P...P.. ...
...... P.P..... #.#
...... ..P.P.o.##†#
...... ..PP..g.g..######
......
......o#g#......##......
###.)@.######.........
###### ###.......
#....... #.......
#....... #[......
##...... ##..... #.....


You could see an orc wizard, 3 gnolls and an orc.

Vanquished Creatures
  Sigmund (D:2)
  A gnoll bouda (D:3)
  2 orc wizards (D:3)
  A gnoll (D:3)
  2 adders (D:3)
  A worm (D:2)
  A dart slug (D:2)
  2 orcs (D:3)
  2 bats
  6 endoplasms
  A giant cockroach (D:3)
  2 goblins
  4 hobgoblins
  8 jackals (D:1)
  2 kobolds
  A quokka (D:1)
  9 ball pythons
  4 frilled lizards (D:1)
  5 rats
  A toadstool (D:2)
56 creatures vanquished.

Vanquished Creatures (others)
  A fungus (D:2)
  6 plants (D:3)
  5 toadstools (D:2)
12 creatures vanquished.

Grand Total: 68 creatures vanquished

Notes
Turn   | Place    | Note
-------+----------+-------------------------------------------
     0 | D:1      | keekatzer the Troll Transmuter began the quest for the Orb.
     0 | D:1      | Reached XP level 1. HP: 18/18 MP: 1/1
    17 | D:1      | Reached skill level 1 in Fighting
    33 | D:1      | Reached XP level 2. HP: 28/28 MP: 2/2
   129 | D:1      | Found Ozyinguo's Magic Scroll Boutique.
   351 | D:1      | Learned a level 2 spell: Wereblood
   372 | D:1      | Reached XP level 3. HP: 36/36 MP: 3/3
   437 | D:1      | Found a faded altar of an unknown god.
   773 | D:2      | Found a stormy altar of Qazlal.
   947 | D:2      | Noticed Sigmund
   964 | D:2      | Killed Sigmund
   965 | D:2      | Reached skill level 1 in Ice Magic
   965 | D:2      | Reached XP level 4. HP: 39/45 MP: 3/5
   965 | D:2      | Reached XP level 5. HP: 46/53 MP: 3/6
  1292 | D:3      | Reached XP level 6. HP: 61/61 MP: 8/8
  1300 | D:3      | Learned a level 4 spell: Ice Form
  1365 | D:3      | HP: 1/61 [gnoll bouda/+0 club (4)]
  1366 | D:3      | Slain by a gnoll

Illustrated notes

Levels and vault maps discovered:
D:1:      grunt_arrival_lava_bath, layout_basic, serial_shops, shop,
          ebering_ecumenical_altar_ruins
D:2:      layout_basic, basic_altar, minmay_strange_pillars,
          minmay_gold_behind_fungi, uniq_sigmund
D:3:      layout_rooms, nicolae_grassy_gnolls

Skill      XL: |  1  2  3  4  5 |
---------------+----------------+-----
Fighting       | 1 2 3 |  3.0
Transmutations | 2 |  2.5
Ice Magic      | 1 |  1.8
Spellcasting   | 2 |  2.1
Dodging        | |  1.5
Unarmed Combat | |  3.0

Action                   |  1- 3 |  4- 6 || total
-------------------------+-------+-------++-------
Melee: Unarmed           |    79 |    51 ||   130
       Kick              |     1 |     1 ||     2
       Punch             |     2 |     3 ||     5
       Headbutt          |       |     1 ||     1
 Cast: Beastly Appendage |     3 |     1 ||     4
       Wereblood         |       |     2 ||     2
Armor: Robe              |    20 |    13 ||    33
Dodge: Dodged            |    29 |    24 ||    53
